 Dungeon Crawl Stone Soup version 0.20.0-15-g7f486f2 (webtiles) character file.

8825 renl the Cleaver (level 11, -2/68 HPs)
             Began as a Gargoyle Monk on July 6, 2017.
             Was an Elder of Qazlal.
             Slain by a skeletal warrior
             ... wielding a +0 trident
              (5 damage)
             ... on level 8 of the Dungeon on July 7, 2017.
             The game lasted 01:04:47 (9539 turns).

renl the Cleaver (Gargoyle Monk)                    Turns: 9539, Time: 01:04:47

Health: -2/68      AC: 22    Str: 17    XL:     11   Next: 36%
Magic:  11/11      EV:  8    Int: 12    God:    Qazlal [****..]
Gold:   581        SH:  5    Dex: 14    Spells: 10/10 levels left

rFire    + + .     SeeInvis +   a - +0 war axe
rCold    + + +     Gourm    .   (no shield)
rNeg     + . .     Faith    .   o - +2 chain mail {rF+}
rPois    ∞         Spirit   .   (helmet restricted)
rElec    +         Reflect  .   (no cloak)
rCorr    .         Harm     .   x - +0 pair of gloves
MR       +....                  d - +0 pair of boots
Stlth    ..........             z - amulet "Emeporut" {rC++ Regen+}
Regen    0.7/turn               i - ring of protection from magic
MPRegen  0.2/turn               w - ring of see invisible

@: repel missiles
A: antennae 1, agile 1, cold resistance 1, fire resistance 1, negative energy
resistance 1, electricity resistance, unbreathing, petrification resistance, rot
immunity, AC +7
a: Upheaval, Elemental Force, Renounce Religion


You were on level 8 of the Dungeon.
You worshipped Qazlal.
Qazlal was greatly pleased with you.
You were hungry.

You visited 2 branches of the dungeon, and saw 9 of its levels.
You also visited: Ossuary and Bailey.

You collected 581 gold pieces.

Inventory:

Hand Weapons
 a - a +0 war axe (weapon)
Armour
 d - a +0 pair of boots (worn)
 o - a +2 chain mail of fire resistance (worn)
 p - a +0 helmet
 x - a +0 pair of gloves (worn)
 H - a +0 crystal plate armour
Jewellery
 i - a ring of protection from magic (left hand)
 w - a ring of see invisible (right hand)
 z - the amulet "Emeporut" (around neck) {rC++ Regen+}
   (You found it on level 7 of the Dungeon)

   [amulet of regeneration]

   It greatly protects you from cold.
   It increases your rate of regeneration.
 D - an uncursed amulet of the gourmand
 I - an uncursed ring of stealth
 L - a +1 ring of protection
Scrolls
 e - 4 scrolls of identify
 j - a scroll of magic mapping
 l - 4 scrolls of remove curse
 m - 3 scrolls of fear
 n - a scroll of enchant armour {unknown}
 q - 3 scrolls of teleportation
 r - 2 scrolls of recharging
 y - a scroll of blinking {unknown}
 C - a scroll of amnesia
 E - 2 scrolls of enchant weapon {unknown}
Potions
 b - a potion of resistance
 h - 6 potions of curing
 k - a potion of lignification
 t - 3 potions of cancellation
 u - 5 potions of agility
 v - a potion of flight
 A - a potion of mutation
 F - a potion of heal wounds
Books
 J - a book of Callings

   Spells                             Type                      Level
   a - Summon Small Mammal            Summoning                    1
   b - Call Imp                       Summoning                    2
   c - Call Canine Familiar           Summoning                    3
   d - Summon Guardian Golem          Hexes/Summoning              3
   e - Summon Lightning Spire         Summoning/Air                4
   f - Summon Ice Beast               Ice/Summoning                4
Miscellaneous
 K - a lightning rod (4/4)
Comestibles
 c - 4 bread rations
 f - 6 meat rations
 g - 3 royal jellies
 s - 3 fruits


   Skills:
 + Level 7.6 Fighting
 * Level 13.5 Axes
 + Level 6.7 Armour
 - Level 2.4 Dodging
 - Level 2.1 Stealth
 + Level 1.0 Evocations


You had 10 spell levels left.
You didn't know any spells.

Dungeon Overview and Level Annotations

Branches:
Dungeon (8/15)             Temple (1/1) D:6
   Lair: D:8-11

Altars:
Ashenzari
Cheibriados
Dithmenos
Fedhas
Gozag
Hepliaklqana
Kikubaaqudgha
Makhleb
Nemelex Xobeh
Okawaru
Qazlal
Ru
Sif Muna
Trog
Uskayaw
Vehumet
Xom
Yredelemnul
Zin
The Shining One

Annotations:
D:8 1 runed door, Maurice


Innate Abilities, Weirdness & Mutations

You are resistant to torment.
Your stone body is resilient. (AC +7)
You are immune to poison.
You resist negative energy. (rN+)
You are resistant to electric shocks. (rElec)
You can survive without breathing.
You are immune to petrification.
You are immune to rotting.
You have a pair of small antennae on your head.
You are agile. (Dex +2)
Your flesh is cold resistant. (rC+)
Your flesh is heat resistant. (rF+)


Message History

You closely miss the skeletal warrior.
The skeletal warrior is severely damaged.
You barely miss the leopard gecko zombie.
The leopard gecko zombie closely misses you.
You hit the skeletal warrior but do no damage.
The skeletal warrior is severely damaged.
You hit the leopard gecko zombie.
You destroy the leopard gecko zombie!
Qazlal accepts your kill.
The skeletal warrior hits you with a trident!
* * * LOW HITPOINT WARNING * * *
You barely miss the skeletal warrior.
The skeletal warrior is severely damaged.
The skeletal warrior hits you but does no damage.
You slash the skeletal warrior!
The skeletal warrior is severely damaged.
The skeletal warrior hits you with a trident!
* * * LOW HITPOINT WARNING * * *
The skeletal warrior hits you from afar with a trident.
You die...

#. #.# #.#.# ##### ..
#.#.#######...##+###
..#####.#.##.......§.....#
#....##.#.##.####z§......#
+.....#[#.#....§.§.......#
##.....#.#.....)@§§..#....
.....................#.#(.
#................§.....# .
...........#...##..<))#'#
###..........###.....# #
#.#.....#..# #....##
#z#.....#..# #....# ##
#.#.....#).......## # .#
#.....#.##.###.#.#####.#


You could see a skeletal warrior.

Vanquished Creatures
  The ghost of bande the Cleaver, a novice MiBe of Trog (D:8)
  A two-headed ogre (D:8)
  Pikel (D:8)
  A deep elf mage (D:8)
  The ghost of lad the Chopper, a novice MiGl (D:6)
  The ghost of Sekkong the Insei, a novice OpTm (D:4)
  A troll (D:6)
  Prince Ribbit (D:8)
  A yak (D:8)
  A basilisk (D:8)
  A water moccasin (D:7)
  13 orc warriors
  4 sky beasts
  3 slaves (D:8)
  2 necrophages
  A phantom (D:4)
  An ice beast (D:6)
  5 ogres
  9 centaurs
  A big kobold (D:7)
  4 bullfrogs
  8 killer bees
  2 howler monkeys
  3 wights (D:8)
  3 centaur zombies (Ossuary)
  A lava snake (D:7)
  2 crimson imps
  A human zombie (Ossuary)
  4 hounds
  5 orc wizards
  2 bullfrog skeletons
  A centaur skeleton (D:6)
  2 orc priests
  An iguana (D:7)
  Terence (D:2)
  11 worker ants
  A hound zombie (D:7)
  2 mummies (Ossuary)
  Robin (D:2)
  9 gnolls
  13 adders
  2 shadow imps
  An adder zombie (Ossuary)
  An ooze (D:4)
  3 adder skeletons
  A worm (D:5)
  2 dart slugs
  5 leopard geckos
  42 orcs
  13 bats
  4 giant cockroaches
  17 goblins
  9 hobgoblins
  10 jackals
  14 kobolds
  2 quokkas
  2 ball pythons (D:4)
  2 frilled lizards (D:2)
  2 giant cockroach zombies (D:6)
  A goblin zombie (Ossuary)
  9 hobgoblin zombies (Ossuary)
  2 jackal zombies (Ossuary)
  8 kobold zombies (Ossuary)
  A leopard gecko skeleton (D:6)
  A leopard gecko zombie (D:8)
  9 orc zombies (Ossuary)
  A quokka zombie (D:7)
  4 rats
  2 rat zombies (Ossuary)
297 creatures vanquished.

Vanquished Creatures (others)
  A slave (D:8)
1 creature vanquished.

Grand Total: 298 creatures vanquished

Notes
Turn   | Place    | Note
-------+----------+-------------------------------------------
     0 | D:1      | renl the Gargoyle Monk began the quest for the Orb.
     0 | D:1      | Reached XP level 1. HP: 14/14 MP: 1/1
   102 | D:1      | Reached skill level 3 in Axes
   112 | D:1      | Reached XP level 2. HP: 18/19 MP: 2/2
   757 | D:2      | Reached XP level 3. HP: 22/23 MP: 3/3
   992 | D:2      | Reached XP level 4. HP: 23/29 MP: 4/4
  1035 | D:2      | Noticed Terence
  1060 | D:2      | Killed Terence
  1060 | D:2      | Reached skill level 4 in Axes
  1157 | D:2      | Reached XP level 5. HP: 24/33 MP: 5/5
  1160 | D:2      | Noticed Robin
  1175 | D:2      | Killed Robin
  1231 | D:2      | Found a shattered altar of Ashenzari.
  1536 | D:3      | Reached skill level 5 in Axes
  1801 | D:3      | Reached XP level 6. HP: 39/39 MP: 6/6
  1808 | D:3      | Noticed an eye of draining
  1811 | D:3      | Reached skill level 1 in Armour
  2156 | D:4      | Noticed Sekkong's ghost (novice OpTm)
  2193 | D:4      | Killed Sekkong's ghost
  2193 | D:4      | Reached skill level 6 in Axes
  2193 | D:4      | Reached XP level 7. HP: 20/44 MP: 7/7
  2234 | D:4      | Found a sacrificial altar of Ru.
  2249 | D:4      | Found a shimmering altar of Xom.
  2504 | D:4      | Reached skill level 7 in Axes
  2843 | D:5      | Entered Level 5 of the Dungeon
  2876 | D:4      | Reached skill level 5 in Fighting
  2974 | D:4      | Reached XP level 8. HP: 14/49 MP: 8/8
  3259 | D:5      | Reached skill level 8 in Axes
  3888 | D:6      | Reached skill level 9 in Axes
  4007 | D:6      | Noticed lad's ghost (novice MiGl)
  4104 | D:6      | Found a staircase to the Ecumenical Temple.
  4114 | Temple   | Entered the Ecumenical Temple
  4246 | Temple   | Became a worshipper of Qazlal Stormbringer
  4246 | Temple   | Reached * piety under Qazlal
  4246 | Temple   | Reached ** piety under Qazlal
  4306 | D:6      | Killed lad's ghost
  4306 | D:6      | Reached XP level 9. HP: 46/55 MP: 9/9
  4678 | D:6      | Gained mutation: You expend magic power (3 MP) to strengthen your wands. [potion of mutation]
  4678 | D:6      | Gained mutation: You have a pair of small horns on your head. [potion of mutation]
  4748 | D:7      | HP: 1/55 [killer bee (6)]
  4751 | D:7      | Reached skill level 10 in Axes
  4766 | D:7      | Found a sand-covered staircase.
  4844 | Ossuary  | Entered an ossuary
  4911 | Ossuary  | Reached *** piety under Qazlal
  4943 | Ossuary  | Lost mutation: You have a pair of small horns on your head. [potion of mutation]
  4943 | Ossuary  | Lost mutation: You expend magic power (3 MP) to strengthen your wands. [potion of mutation]
  4943 | Ossuary  | Gained mutation: You have a pair of small antennae on your head. [potion of mutation]
  4943 | Ossuary  | Gained mutation: You are agile. (Dex +2) [potion of mutation]
  4943 | Ossuary  | Gained mutation: Your flesh is cold resistant. (rC+) [potion of mutation]
  4943 | Ossuary  | Gained mutation: Your flesh is heat resistant. (rF+) [potion of mutation]
  5103 | D:7      | Found a flagged portal.
  5112 | Bailey   | Entered a bailey
  5966 | Bailey   | Reached skill level 11 in Axes
  6208 | Bailey   | Reached skill level 5 in Armour
  6208 | Bailey   | Reached XP level 10. HP: 41/60 MP: 10/10
  7450 | D:7      | Reached skill level 1 in Evocations
  7610 | D:7      | Found an ancient bone altar of Kikubaaqudgha.
  8080 | D:7      | Found a glowing silver altar of Zin.
  8121 | D:7      | Reached skill level 12 in Axes
  8591 | D:7      | Got an ancient ivory amulet
  8602 | D:7      | Identified the amulet "Emeporut" {rC++ Regen+} (You found it on level 7 of the Dungeon)
  8829 | D:8      | Noticed bande's ghost (novice MiBe)
  8831 | D:8      | Noticed Pikel
  8843 | D:8      | Noticed Prince Ribbit
  8846 | D:8      | Reached **** piety under Qazlal
  8926 | D:8      | Killed Prince Ribbit
  8950 | D:8      | Killed Pikel
  8991 | D:8      | Noticed Maurice
  9006 | D:8      | Reached XP level 11. HP: 66/67 MP: 11/11
  9024 | D:8      | Noticed a two-headed ogre
  9037 | D:8      | Killed a two-headed ogre
  9037 | D:8      | Reached skill level 13 in Axes
  9144 | D:8      | Noticed a deep elf mage
  9158 | D:8      | Killed a deep elf mage
  9361 | D:8      | Killed bande's ghost
  9407 | D:8      | Found a runed door.
  9408 | D:8      | Found a runed door.
  9408 | D:8      | Noticed a skeletal warrior
  9537 | D:8      | HP: 2/68 [skeletal warrior/trident (16)]
  9539 | D:8      | Slain by a skeletal warrior

Skill      XL: |  1  2  3  4  5  6  7  8  9 10 11 |
---------------+----------------------------------+-----
Axes           | 3 4 5 6 7 9 11 12 13 | 13.5
Fighting       | 4 5 6 7 |  7.6
Armour         | 2 4 5 6 |  6.7
Evocations     | 1 |  1.0
Dodging        | |  2.4
Stealth        | |  2.1

Action                   |  1- 3 |  4- 6 |  7- 9 | 10-12 || total
-------------------------+-------+-------+-------+-------++-------
Melee: Hand axe          |   101 |   244 |   149 |       ||   494
       War axe           |       |       |   407 |   419 ||   826
       Headbutt          |       |       |     6 |       ||     6
Invok: Upheaval          |       |       |       |     3 ||     3
Evoke: Wand              |       |       |       |    14 ||    14
  Use: Scroll            |       |     5 |    11 |     5 ||    21
       Potion            |       |       |     3 |     2 ||     5
 Stab: Sleeping          |     4 |       |       |       ||     4
  Eat: Chunk             |       |     4 |     8 |    11 ||    23
       Fruit             |       |       |     2 |       ||     2
       Bread ration      |       |       |     1 |       ||     1
Armor: Robe              |     5 |       |       |       ||     5
       Leather armour    |    32 |     4 |       |       ||    36
       Chain mail        |       |   199 |   416 |   256 ||   871
Dodge: Dodged            |    82 |   113 |   233 |   154 ||   582
       Deflected         |       |       |       |     1 ||     1
Block: Other             |       |       |    49 |    79 ||   128
